[Event "Rated Blitz game"]
[Site "?"]
[Date "2021.07.03"]
[Round "?"]
[White "mared2"]
[Black "Vasia1986"]
[Result "1-0"]
[ECO "C42"]
[WhiteElo "2432"]
[BlackElo "2268"]
[PlyCount "91"]
[EventDate "2021.??.??"]
[EventType "blitz"]
[TimeControl "180"]

1. e4 e5 2. Nf3 Nf6 3. Nxe5 d6 4. Nxf7 Kxf7 5. d4 c5 6. dxc5 Qa5+ 7. Nc3 Qxc5
8. Be3 Qb4 9. Qd2 Nc6 10. O-O-O Be6 11. f3 Be7 12. g4 Rhd8 13. g5 Ne8 14. f4
Kg8 15. f5 Bf7 16. h4 d5 17. exd5 Nc7 18. Bg2 Ne5 19. Qd4 Nc4 20. Ne2 Nxe3 21.
Qxe3 Nxd5 22. Bxd5 Bxd5 23. Rxd5 Rxd5 24. Qe6+ Kh8 25. Qxd5 Rd8 26. c3 Qg4 27.
Qe6 Bc5 28. g6 hxg6 29. Rg1 Qxh4 30. Rf1 Qf6 31. Qxf6 gxf6 32. fxg6 Be3+ 33.
Kb1 Kg7 34. Ng3 Kxg6 35. Nf5 Bg5 36. Ne7+ Kf7 37. Nf5 Rd2 38. c4 Kg6 39. Ne7+
Kf7 40. Nd5 b5 41. b3 bxc4 42. bxc4 Kg6 43. a4 Rd4 44. Ne7+ Kf7 45. Nd5 Rxc4
46. a5 {Time forfeit} 1-0

[Event "Rated Blitz game"]
[Site "?"]
[Date "2021.07.02"]
[Round "?"]
[White "LaughingCoffin57"]
[Black "Shaginyan_A"]
[Result "1-0"]
[ECO "C42"]
[WhiteElo "2437"]
[BlackElo "2487"]
[PlyCount "67"]
[EventDate "2021.??.??"]
[EventType "blitz"]
[TimeControl "180"]

1. e4 e5 2. Nf3 Nf6 3. Nxe5 d6 4. Nxf7 Kxf7 5. d4 Be7 6. Bc4+ Be6 7. Bxe6+ Kxe6
8. O-O c5 9. Nc3 Kf7 10. dxc5 dxc5 11. Qf3 Nc6 12. Bf4 Kg8 13. e5 Ne8 14. Rad1
Qc8 15. Qd5+ Kf8 16. Ne4 Nc7 17. Qd3 Ne6 18. Be3 b6 19. Nd6 Bxd6 20. Qf5+ Kg8
21. Rxd6 Ned4 22. Qe4 h5 23. c3 Qf5 24. Qxf5 Nxf5 25. Rxc6 Nxe3 26. fxe3 Re8
27. e6 Kh7 28. Rf7 Rhf8 29. Rxa7 Rf6 30. Rxb6 Ref8 31. Rf7 R8xf7 32. exf7 Rxf7
33. Rb5 Re7 34. Kf2 {Normal} 1-0

[Event "Rated Blitz game"]
[Site "?"]
[Date "2021.07.02"]
[Round "?"]
[White "makeouthiillll"]
[Black "pompey831"]
[Result "1/2-1/2"]
[ECO "C42"]
[WhiteElo "2578"]
[BlackElo "2615"]
[PlyCount "104"]
[EventDate "2021.??.??"]
[EventType "blitz"]
[TimeControl "180"]

1. e4 e5 2. Nf3 Nf6 3. Nxe5 d6 4. Nxf7 Kxf7 5. d4 Be7 6. Bc4+ d5 7. exd5 b5 8.
Bb3 Bd6 9. O-O Bb7 10. a4 b4 11. c4 bxc3 12. Nxc3 Nbd7 13. Re1 Re8 14. Re6 Kg8
15. Bg5 Kh8 16. Qd3 Nf8 17. Bc2 Qd7 18. Bxf6 gxf6 19. Rxf6 Qg7 20. Rf3 Re7 21.
Rh3 Rae8 22. g3 Re1+ 23. Rxe1 Rxe1+ 24. Kg2 Qf7 25. Qf5 Qxf5 26. Bxf5 Bb4 27.
g4 Bxc3 28. Rxc3 Bxd5+ 29. Kg3 c6 30. b4 Ne6 31. Bxe6 Rxe6 32. b5 Rd6 33. f4
cxb5 34. axb5 Bg8 35. Rc7 Rxd4 36. Rxa7 Rb4 37. Rb7 Bd5 38. Rb8+ Kg7 39. f5 h6
40. h4 Bc4 41. b6 Be2 42. g5 hxg5 43. hxg5 Bd3 44. f6+ Kf7 45. Kf3 Be4+ 46. Kf4
Bg2+ 47. Ke5 Rb5+ 48. Kf4 Bc6 49. Kg4 Rb4+ 50. Kf5 Rb5+ 51. Kg4 Bg2 52. Kf4 Bc6
{Normal} 1/2-1/2

[Event "Rated Blitz game"]
[Site "?"]
[Date "2021.07.02"]
[Round "?"]
[White "Tandilensis"]
[Black "unknown-maestro_2450"]
[Result "1-0"]
[ECO "C42"]
[WhiteElo "2652"]
[BlackElo "2702"]
[PlyCount "51"]
[EventDate "2021.??.??"]
[EventType "blitz"]
[TimeControl "180"]

1. e4 e5 2. Nf3 Nf6 3. Nxe5 d6 4. Nxf7 Kxf7 5. d4 c5 6. c3 Be6 7. Bd3 Nbd7 8.
f4 Bg4 9. Qc2 cxd4 10. h3 Bh5 11. g4 Bg6 12. f5 Ne5 13. cxd4 Rc8 14. fxg6+ Kxg6
15. Nc3 Nc6 16. e5+ Kf7 17. exf6 Nxd4 18. Qf2 Qxf6 19. Qxf6+ gxf6 20. O-O h5
21. g5 Be7 22. Nd5 Rhg8 23. g6+ Kf8 24. Bh6+ Ke8 25. Rae1 Nc6 26. Nxf6+ {Normal
} 1-0

[Event "Rated Blitz game"]
[Site "?"]
[Date "2021.07.02"]
[Round "?"]
[White "Never_Play_London"]
[Black "shaidullin"]
[Result "0-1"]
[ECO "C42"]
[WhiteElo "2594"]
[BlackElo "2503"]
[PlyCount "50"]
[EventDate "2021.??.??"]
[EventType "blitz"]
[TimeControl "180"]

1. e4 e5 2. Nf3 Nf6 3. Nxe5 d6 4. Nxf7 Kxf7 5. Nc3 Be7 6. d4 Re8 7. f4 Kg8 8.
Bd3 Nc6 9. e5 Bg4 10. Qd2 dxe5 11. dxe5 Bc5 12. h3 Bh5 13. Kf1 Nxe5 14. fxe5
Rxe5 15. Bc4+ Kh8 16. Qxd8+ Rxd8 17. g4 Bg6 18. Bf4 Re7 19. Kg2 Rd4 20. Rad1
Rxf4 21. Rd8+ Re8 22. Rxe8+ Nxe8 23. Nd5 Rxc4 24. c3 Be4+ 25. Kg3 Bxh1 {Normal}
0-1

[Event "Rated Rapid game"]
[Site "?"]
[Date "2021.07.02"]
[Round "?"]
[White "BombaLeila"]
[Black "Mainrival"]
[Result "0-1"]
[ECO "C42"]
[WhiteElo "2483"]
[BlackElo "2677"]
[PlyCount "24"]
[EventDate "2021.??.??"]
[EventType "rapid"]
[TimeControl "480"]

1. e4 e5 2. Nf3 Nf6 3. Nxe5 d6 4. Nxf7 Kxf7 5. d4 c5 6. Bc4+ Be6 7. d5 Bd7 8.
Qe2 Qe7 9. f4 Qxe4 10. Nc3 Qxe2+ 11. Nxe2 b5 12. Bd3 c4 {Normal} 0-1

[Event "Rated Blitz game"]
[Site "?"]
[Date "2021.07.02"]
[Round "?"]
[White "Bizzo"]
[Black "phiba"]
[Result "1-0"]
[ECO "C42"]
[WhiteElo "2367"]
[BlackElo "2433"]
[PlyCount "97"]
[EventDate "2021.??.??"]
[EventType "blitz"]
[TimeControl "180+2"]

1. e4 e5 2. Nf3 Nf6 3. Nxe5 d6 4. Nxf7 Kxf7 5. Nc3 c5 6. Bc4+ Be6 7. Qe2 Nc6 8.
O-O Qd7 9. Bxe6+ Qxe6 10. d3 Nd4 11. Qd1 Be7 12. f4 Qg4 13. Qd2 Rhf8 14. h3 Qg3
15. Nd1 Kg8 16. c3 Nc6 17. Ne3 Rae8 18. Nf5 Qg6 19. Qe2 d5 20. Bd2 Bd8 21. Nh4
Qh5 22. Qxh5 Nxh5 23. Nf5 dxe4 24. Nd6 Ng3 25. Nxe8 Nxf1 26. Rxf1 Rxe8 27. Re1
Bh4 28. Rxe4 Rxe4 29. dxe4 c4 30. Be3 b5 31. g4 Bd8 32. Kg2 Bb6 33. Bd2 a5 34.
Kf3 Kf7 35. e5 Ne7 36. Ke4 g6 37. f5 Bg1 38. Bg5 b4 39. e6+ Ke8 40. f6 Ng8 41.
Kd5 h6 42. f7+ Kf8 43. fxg8=Q+ Kxg8 44. Bxh6 b3 45. a3 Bh2 46. Kxc4 a4 47. Kb5
Be5 48. Kxa4 Bxc3 49. Kxb3 {Normal} 1-0

[Event "Rated Blitz game"]
[Site "?"]
[Date "2021.07.01"]
[Round "?"]
[White "markljubarov"]
[Black "Iamapotato87"]
[Result "1/2-1/2"]
[ECO "C42"]
[WhiteElo "2457"]
[BlackElo "2491"]
[PlyCount "131"]
[EventDate "2021.??.??"]
[EventType "blitz"]
[TimeControl "180+2"]

1. e4 e5 2. Nf3 Nf6 3. Nxe5 d6 4. Nxf7 Kxf7 5. d4 c5 6. Bc4+ Be6 7. Bxe6+ Kxe6
8. O-O cxd4 9. Qxd4 Nc6 10. Qd3 Be7 11. Nc3 Rc8 12. Bf4 Re8 13. Rad1 Kf7 14. f3
Ne5 15. Qb5 Qb6+ 16. Qxb6 axb6 17. Rf2 Nc4 18. Nd5 Nxd5 19. Rxd5 Nxb2 20. Bxd6
Bxd6 21. Rxd6 Red8 22. Rxb6 Rd1+ 23. Rf1 Rxf1+ 24. Kxf1 Rxc2 25. Rxb7+ Kf6 26.
Rb5 Nd3 27. a4 Rf2+ 28. Kg1 Ra2 29. h4 Rxa4 30. Rd5 Ra1+ 31. Kh2 Ne1 32. Kh3
Ra2 33. g3 g6 34. f4 h5 35. Rd6+ Kf7 36. f5 gxf5 37. exf5 Nf3 38. g4 Ng1+ 39.
Kg3 Ne2+ 40. Kf3 hxg4+ 41. Kxg4 Ra4+ 42. Kg5 Ng3 43. Rd7+ Ke8 44. Rb7 Ra5 45.
Rb8+ Kd7 46. Rb7+ Kc8 47. Rf7 Kd8 48. Kg6 Ke8 49. f6 Nf5 50. Rh7 Nd6 51. Rh8+
Kd7 52. h5 Ra1 53. Rh7+ Ke6 54. Re7+ Kd5 55. h6 Rg1+ 56. Kh7 Rf1 57. Kg7 Nf5+
58. Kf7 Nxh6+ 59. Ke8 Rxf6 60. Rd7+ Kc6 61. Rd2 Nf5 62. Rc2+ Kd5 63. Rd2+ Nd4
64. Ke7 Ra6 65. Rd1 Ra7+ 66. Kf6 {Normal} 1/2-1/2

[Event "Rated Blitz game"]
[Site "?"]
[Date "2021.07.01"]
[Round "?"]
[White "PhilippeS"]
[Black "Jakob19"]
[Result "0-1"]
[ECO "C42"]
[WhiteElo "2383"]
[BlackElo "2525"]
[PlyCount "82"]
[EventDate "2021.??.??"]
[EventType "blitz"]
[TimeControl "300"]

1. e4 e5 2. Nf3 Nf6 3. Nxe5 d6 4. Nxf7 Kxf7 5. Nc3 c5 6. Bc4+ Be6 7. Bxe6+ Kxe6
8. d4 Kf7 9. dxc5 Nc6 10. Qe2 Qd7 11. O-O Re8 12. Bg5 Qe6 13. Bxf6 Qxf6 14. Nd5
Qe5 15. Rfe1 dxc5 16. c3 Bd6 17. f4 Qxd5 18. exd5 Rxe2 19. Rxe2 Ne7 20. c4 Nf5
21. g3 Nd4 22. Re4 Rb8 23. a4 a6 24. Kg2 g6 25. Ra2 h5 26. b4 Nf5 27. b5 Nd4
28. Rb2 a5 29. Rb1 Re8 30. Rxe8 Kxe8 31. Re1+ Kf7 32. h3 b6 33. Re4 Be7 34. g4
hxg4 35. hxg4 Bd8 36. Kg3 Nb3 37. f5 gxf5 38. gxf5 Nd2 39. Rg4 Nb1 40. Rg6 Nc3
41. Rd6 Ne4+ {Normal} 0-1

[Event "Rated Blitz tournament tKkudtxG"]
[Site "?"]
[Date "2021.07.01"]
[Round "?"]
[White "June31"]
[Black "GKANSK"]
[Result "0-1"]
[ECO "C42"]
[WhiteElo "2638"]
[BlackElo "2507"]
[PlyCount "118"]
[EventDate "2021.??.??"]
[EventType "blitz"]
[TimeControl "180"]

1. e4 e5 2. Nf3 Nf6 3. Nxe5 d6 4. Nxf7 Kxf7 5. d4 Be6 6. Nc3 c6 7. f4 g6 8. Be3
Bg7 9. h3 Re8 10. g4 Kg8 11. Bd3 Nbd7 12. Qf3 b5 13. O-O-O b4 14. Ne2 Qa5 15.
f5 Bf7 16. g5 Nh5 17. f6 Bf8 18. Ng3 Nxg3 19. Qxg3 Qxa2 20. h4 Qa1+ 21. Kd2
Qxb2 22. h5 Qc3+ 23. Ke2 c5 24. hxg6 Bxg6 25. Rdf1 Rxe4 26. f7+ Kh8 27. Rxh7+
Kxh7 28. Rh1+ Kg7 29. Qh3 Rxe3+ 30. Kxe3 Qxd4+ 31. Kd2 Qf4+ 32. Kd1 Ne5 33. Rf1
Nxd3 34. Qh6+ Kxf7 35. Rxf4+ Nxf4 36. Qh4 Ne6 37. Qf2+ Kg7 38. Qf6+ Kh7 39.
Qxe6 Bg7 40. Qd5 Rf8 41. Qh1+ Kg8 42. Kc1 Rf7 43. Qa8+ Kh7 44. Qh1+ Kg8 45.
Qa8+ Bf8 46. Qd5 a5 47. Qe6 Kg7 48. Kb2 a4 49. Qe2 a3+ 50. Kb3 Rf5 51. Qh2 Bf7+
52. Ka4 a2 53. Qh6+ Kg8 54. Qxd6 a1=Q+ 55. Kb5 Bxd6 56. Kb6 Qa8 57. Kb5 Qb8+
58. Ka4 Be8+ 59. Kb3 Bf7+ {Time forfeit} 0-1

[Event "Rated Blitz game"]
[Site "?"]
[Date "2021.07.01"]
[Round "?"]
[White "Ofird94"]
[Black "IngOscarArdila"]
[Result "0-1"]
[ECO "C42"]
[WhiteElo "2429"]
[BlackElo "2264"]
[PlyCount "66"]
[EventDate "2021.??.??"]
[EventType "blitz"]
[TimeControl "180"]

1. e4 e5 2. Nf3 Nf6 3. Nxe5 d6 4. Nxf7 Kxf7 5. Bc4+ Be6 6. Bxe6+ Kxe6 7. d4 Kf7
8. Nc3 Be7 9. f4 Re8 10. g4 Kg8 11. g5 Nfd7 12. O-O Nc6 13. Be3 Rf8 14. Qg4 Kh8
15. h4 Nb6 16. Rad1 Qd7 17. f5 Nc4 18. Bc1 Rae8 19. b3 Nb6 20. h5 Bd8 21. Rf2
a5 22. Be3 a4 23. Rdf1 axb3 24. axb3 Nb4 25. Rg2 c5 26. g6 Bf6 27. dxc5 dxc5
28. gxh7 Bd4 29. Nd1 Nxc2 30. Bxd4 Qxd4+ 31. Kh1 Rxe4 32. Qg6 Rh4+ 33. Rh2 Qe4+
{Time forfeit} 0-1

[Event "Rated Blitz game"]
[Site "?"]
[Date "2021.06.30"]
[Round "?"]
[White "wallie666"]
[Black "Sjaakmatinone"]
[Result "0-1"]
[ECO "C42"]
[WhiteElo "2456"]
[BlackElo "2359"]
[PlyCount "58"]
[EventDate "2021.??.??"]
[EventType "blitz"]
[TimeControl "180"]

1. e4 e5 2. Nf3 Nf6 3. Nxe5 d6 4. Nxf7 Kxf7 5. d4 c5 6. dxc5 Nc6 7. Nc3 Be6 8.
cxd6 Bxd6 9. Bd3 Re8 10. h3 Kg8 11. O-O Qe7 12. f4 Rad8 13. e5 Bc5+ 14. Kh1 Nd5
15. Ne4 Bb6 16. Qh5 Bf7 17. Nf6+ Nxf6 18. exf6 Bxh5 19. fxe7 Rxe7 20. f5 Be2
21. Bg5 Bxf1 22. Bxe7 Re8 23. Rxf1 Rxe7 24. f6 gxf6 25. Rxf6 Bd4 26. Rd6 Be5
27. Rd5 Bg3 28. Rg5+ Rg7 29. Rxg3 Rxg3 {Normal} 0-1

[Event "Rated Blitz game"]
[Site "?"]
[Date "2021.06.30"]
[Round "?"]
[White "makeouthiillll"]
[Black "TrivialDude"]
[Result "1-0"]
[ECO "C42"]
[WhiteElo "2531"]
[BlackElo "2496"]
[PlyCount "49"]
[EventDate "2021.??.??"]
[EventType "blitz"]
[TimeControl "180"]

1. e4 e5 2. Nf3 Nf6 3. Nxe5 d6 4. Nxf7 Kxf7 5. d4 Qe7 6. Nc3 g6 7. Bg5 Bg7 8.
Bc4+ Be6 9. Nd5 Qd8 10. O-O c6 11. Nxf6 Bxf6 12. Bxe6+ Kxe6 13. Qg4+ Kf7 14. f4
Kg7 15. e5 dxe5 16. Bxf6+ Qxf6 17. fxe5 Qe7 18. Rf6 Nd7 19. Re6 Qd8 20. Rd6
Nxe5 21. dxe5 Qb6+ 22. Kh1 Rhf8 23. Rd7+ Kh8 24. Qh4 h5 25. Qe7 {Normal} 1-0

[Event "Rated Blitz game"]
[Site "?"]
[Date "2021.06.29"]
[Round "?"]
[White "JUGO-BOSS"]
[Black "Mohnnudeln"]
[Result "0-1"]
[ECO "C42"]
[WhiteElo "2328"]
[BlackElo "2429"]
[PlyCount "68"]
[EventDate "2021.??.??"]
[EventType "blitz"]
[TimeControl "180"]

1. e4 e5 2. Nf3 Nf6 3. Nxe5 d6 4. Nxf7 Kxf7 5. d4 c5 6. c3 Nc6 7. Bc4+ Ke8 8.
O-O a6 9. a4 Bg4 10. Qe1 Qc7 11. h3 Bh5 12. g4 Bf7 13. d5 Na5 14. Ba2 c4 15.
Nd2 g6 16. f4 Bg7 17. Kg2 Kd7 18. g5 Nh5 19. Qe2 Rae8 20. Qg4+ Kd8 21. Rf3 h6
22. h4 hxg5 23. fxg5 Rhf8 24. b4 cxb3 25. Nxb3 Nxb3 26. Bxb3 Bxc3 27. Rb1 Bg8
28. Be3 Be5 29. Bd1 Rxf3 30. Bb6 Rg3+ 31. Qxg3 Nxg3 32. Bxc7+ Kxc7 33. Bg4 Nxe4
34. Rc1+ Kb6 {Normal} 0-1

[Event "Rated Blitz game"]
[Site "?"]
[Date "2021.06.29"]
[Round "?"]
[White "inancvefa13"]
[Black "Beletko"]
[Result "0-1"]
[ECO "C42"]
[WhiteElo "2422"]
[BlackElo "2417"]
[PlyCount "52"]
[EventDate "2021.??.??"]
[EventType "blitz"]
[TimeControl "180"]

1. e4 e5 2. Nf3 Nf6 3. Nxe5 d6 4. Nxf7 Kxf7 5. Bc4+ d5 6. exd5 Bd6 7. d4 Rf8 8.
Bb3 Kg8 9. c4 Qe8+ 10. Be3 Qg6 11. c5 Qxg2 12. Rf1 Bh3 13. Nd2 Na6 14. cxd6
cxd6 15. Qe2 Rae8 16. O-O-O Bg4 17. Qd3 Nb4 18. Qc3 Rc8 19. Nc4 Nfxd5 20. Qd2
Bf5 21. f3 Nxe3 22. Qxg2 Nxg2 23. Kd2 Be6 24. Nxd6 Bxb3 25. Nxc8 Rxc8 26. axb3
Rc2# {Normal} 0-1

[Event "Rated Blitz game"]
[Site "?"]
[Date "2021.06.29"]
[Round "?"]
[White "Ahmadreza_2500"]
[Black "Radivas"]
[Result "1-0"]
[ECO "C42"]
[WhiteElo "2362"]
[BlackElo "2408"]
[PlyCount "113"]
[EventDate "2021.??.??"]
[EventType "blitz"]
[TimeControl "180"]

1. e4 e5 2. Nf3 Nf6 3. Nxe5 d6 4. Nxf7 Kxf7 5. Bc4+ d5 6. Bb3 c5 7. e5 Ne4 8.
d3 Ng5 9. Qh5+ g6 10. Bxg5 gxh5 11. Bxd8 Be6 12. c3 Rg8 13. g3 Nc6 14. Bf6 c4
15. Bc2 cxd3 16. Bxd3 d4 17. Bxh7 Bc5 18. Bxg8+ Rxg8 19. b4 Bb6 20. b5 Na5 21.
O-O Nc4 22. a4 dxc3 23. Nxc3 Bd4 24. Rac1 Bh3 25. Ne4 Bxf1 26. Kxf1 Nb6 27.
Rc7+ Ke6 28. Rxb7 Kd5 29. Ng5 Rc8 30. a5 Rc1+ 31. Kg2 Nc4 32. Rd7+ Kc5 33. Rxd4
Kxd4 34. e6+ Kd5 35. e7 Nd6 36. Nf7 Ne8 37. Bg5 Rb1 38. Nh6 Rxb5 39. a6 Ra5 40.
Nf5 Rxa6 41. Ne3+ Ke6 42. h3 Ra2 43. Kf3 a5 44. g4 a4 45. Nc4 hxg4+ 46. hxg4
Rc2 47. Na3 Rc3+ 48. Ke4 Rxa3 49. f4 Rb3 50. f5+ Kf7 51. Bh4 Rb4+ 52. Kf3 a3
53. g5 a2 54. g6+ Kg7 55. f6+ Kxg6 56. Bf2 Kf7 57. Bd4 {Time forfeit} 1-0

[Event "Rated Blitz game"]
[Site "?"]
[Date "2021.06.29"]
[Round "?"]
[White "RatzFatzWeg"]
[Black "phiba"]
[Result "1-0"]
[ECO "C42"]
[WhiteElo "2548"]
[BlackElo "2451"]
[PlyCount "119"]
[EventDate "2021.??.??"]
[EventType "blitz"]
[TimeControl "180+2"]

1. e4 e5 2. Nf3 Nf6 3. Nxe5 d6 4. Nxf7 Kxf7 5. Nc3 c5 6. Bc4+ Be6 7. Bxe6+ Kxe6
8. d4 cxd4 9. Qxd4 Nc6 10. Qc4+ Kd7 11. Bf4 Qa5 12. O-O-O Rc8 13. Qf7+ Be7 14.
Rhe1 Ne5 15. Qxg7 Rxc3 16. Bxe5 Rg8 17. Rxd6+ Ke8 18. Bxc3 Qxa2 19. Qh6 Bxd6
20. Qxf6 Be7 21. Qe5 Rg5 22. Qh8+ Kf7 23. Qxh7+ Ke8 24. Qh8+ Kf7 25. f4 Rxg2
26. Qh5+ Kf8 27. Qf5+ Ke8 28. Qb5+ Kf8 29. Re2 Rg1+ 30. Kd2 Qb1 31. Qf5+ Ke8
32. Qh5+ Kf8 33. Kd3 Qd1+ 34. Rd2 Qf1+ 35. Kd4 Qa6 36. Qf5+ Ke8 37. Qd5 Qb6+
38. Kd3 Qa6+ 39. Kd4 Qb6+ 40. Kc4 Rg6 41. b4 Rc6+ 42. Kb3 a5 43. b5 Rc5 44.
Qg8+ Bf8 45. Ka2 Qxb5 46. Qb3 Qc6 47. Rd3 b5 48. Kb1 b4 49. Bd4 Rc4 50. e5 a4
51. Qb2 a3 52. Qb3 Qh1+ 53. Ka2 Qc6 54. Rd2 Qb5 55. Ba1 Rxf4 56. Qe6+ Be7 57.
Qg6+ Kf8 58. Qh6+ Ke8 59. Qxf4 Qc4+ 60. Qxc4 {Normal} 1-0

[Event "Rated Blitz game"]
[Site "?"]
[Date "2021.06.28"]
[Round "?"]
[White "KK042"]
[Black "Krpokapetan"]
[Result "0-1"]
[ECO "C42"]
[WhiteElo "2495"]
[BlackElo "2500"]
[PlyCount "112"]
[EventDate "2021.??.??"]
[EventType "blitz"]
[TimeControl "180"]

1. e4 e5 2. Nf3 Nf6 3. Nxe5 d6 4. Nxf7 Kxf7 5. Nc3 Be6 6. d4 d5 7. e5 Nfd7 8.
f4 Bb4 9. Bd3 g6 10. O-O Bxc3 11. bxc3 Bf5 12. g4 Bxd3 13. Qxd3 Qh4 14. h3 h5
15. f5 hxg4 16. fxg6+ Kg8 17. Rf4 Qxh3 18. Qxh3 Rxh3 19. Ba3 Nc6 20. Raf1 Rxc3
21. Rf7 Rg3+ 22. Kh2 Rh3+ 23. Kg2 Ndxe5 24. dxe5 Rxa3 25. R1f5 Rxa2 26. Rh5
Rxc2+ 27. Kg3 Rc3+ 28. Kg2 Rf8 29. Rhh7 Rxf7 30. gxf7+ Kf8 31. e6 Rf3 32. Rh8+
Ke7 33. Re8+ Kd6 34. f8=Q+ Rxf8 35. Rxf8 Kxe6 36. Kg3 Ne5 37. Rb8 b6 38. Rb7
Kd6 39. Rxa7 d4 40. Kf4 c5 41. Ra6 Nd7 42. Kxg4 c4 43. Kf3 Kc5 44. Ra8 b5 45.
Ke4 d3 46. Rc8+ Kb4 47. Ke3 Kc3 48. Rc7 Ne5 49. Rc5 Ng4+ 50. Kf3 d2 51. Rd5 Kc2
52. Ke2 c3 53. Rd4 Ne3 54. Kxe3 d1=Q 55. Rxd1 Kxd1 56. Kd3 b4 {Normal} 0-1

[Event "Rated Blitz tournament abs0wOtK"]
[Site "?"]
[Date "2021.06.28"]
[Round "?"]
[White "Grygoriy12345"]
[Black "Ivanets_Sergei"]
[Result "0-1"]
[ECO "C42"]
[WhiteElo "2407"]
[BlackElo "2387"]
[PlyCount "90"]
[EventDate "2021.??.??"]
[EventType "blitz"]
[TimeControl "180"]

1. e4 e5 2. Nf3 Nf6 3. Nxe5 d6 4. Nxf7 Kxf7 5. d4 Be7 6. Nc3 Rf8 7. Bc4+ Be6 8.
Qe2 Bxc4 9. Qxc4+ d5 10. Qb3 Nc6 11. e5 Nxd4 12. Qa4 Bc5 13. exf6 Qxf6 14. Be3
c6 15. O-O-O b5 16. Qa6 Kg8 17. Nxd5 Qe5 18. Nc3 Bb6 19. Kb1 Rad8 20. a3 Qf5
21. Bxd4 Bxd4 22. Qxc6 Bxc3 23. Qxc3 Rxd1+ 24. Rxd1 Qxf2 25. Qb3+ Kh8 26. Qxb5
Qxg2 27. Qe5 h6 28. b4 Qc6 29. Rd2 Re8 30. Qd4 Re1+ 31. Kb2 Re8 32. Rf2 a6 33.
Rf7 Qg6 34. Rd7 Rc8 35. Rd8+ Rxd8 36. Qxd8+ Kh7 37. Qd3 h5 38. a4 h4 39. b5
axb5 40. axb5 Qxd3 41. cxd3 g5 42. b6 g4 43. b7 g3 44. hxg3 hxg3 45. b8=Q g2 {
Time forfeit} 0-1

[Event "Rated Blitz game"]
[Site "?"]
[Date "2021.06.28"]
[Round "?"]
[White "KK042"]
[Black "darthpetrov2000"]
[Result "0-1"]
[ECO "C42"]
[WhiteElo "2521"]
[BlackElo "2574"]
[PlyCount "38"]
[EventDate "2021.??.??"]
[EventType "blitz"]
[TimeControl "180"]

1. e4 e5 2. Nf3 Nf6 3. Nxe5 d6 4. Nxf7 Kxf7 5. Nc3 c5 6. Bc4+ Be6 7. Qe2 Qc8 8.
O-O Nc6 9. f4 Nd4 10. Qd3 Bxc4 11. Qxc4+ Qe6 12. Qd3 Re8 13. Re1 g6 14. a3 Bh6
15. b4 Bxf4 16. g3 Be5 17. Bb2 Kg7 18. Rf1 Rhf8 19. Kg2 c4 {Normal} 0-1

[Event "Rated Blitz game"]
[Site "?"]
[Date "2021.06.27"]
[Round "?"]
[White "piscatorox"]
[Black "adnansendur"]
[Result "1-0"]
[ECO "C42"]
[WhiteElo "2472"]
[BlackElo "2459"]
[PlyCount "89"]
[EventDate "2021.??.??"]
[EventType "blitz"]
[TimeControl "180"]

1. e4 e5 2. Nf3 Nf6 3. Nxe5 d6 4. Nxf7 Kxf7 5. Nc3 Qe8 6. Bc4+ Be6 7. Bxe6+
Qxe6 8. O-O c5 9. d4 cxd4 10. Qxd4 Nc6 11. Qa4 Re8 12. f4 d5 13. e5 Bc5+ 14.
Kh1 d4 15. Qb5 Bb6 16. exf6 dxc3 17. fxg7 Kxg7 18. bxc3 Rhf8 19. c4 Bd4 20. Rb1
Rf7 21. Bb2 Bxb2 22. Qxb2+ Kg8 23. Qb5 b6 24. f5 Qf6 25. Qd5 Re5 26. Qf3 h6 27.
Rbd1 Kh7 28. Qd3 Rg7 29. g4 h5 30. h3 hxg4 31. Rg1 Qh6 32. Kh2 Qxh3+ 33. Qxh3+
gxh3 34. Rxg7+ Kxg7 35. Kxh3 Rxf5 36. Kg4 Rf6 37. Kh3 Ne5 38. c5 bxc5 39. Rd5
Ng6 40. Rd7+ Kh6 41. Rd1 Nf4+ 42. Kg4 Kg6 43. Rh1 Ne6 44. Kg3 Rf4 45. Rh6+ {
Time forfeit} 1-0

[Event "Rated Blitz game"]
[Site "?"]
[Date "2021.06.27"]
[Round "?"]
[White "MarcinPol137"]
[Black "Wernad"]
[Result "1-0"]
[ECO "C42"]
[WhiteElo "2400"]
[BlackElo "2387"]
[PlyCount "57"]
[EventDate "2021.??.??"]
[EventType "blitz"]
[TimeControl "180+2"]

1. e4 e5 2. Nf3 Nf6 3. Nxe5 d6 4. Nxf7 Kxf7 5. d4 g6 6. Nc3 c6 7. f4 d5 8. e5
Ne4 9. Nxe4 dxe4 10. Bc4+ Be6 11. Bxe6+ Kxe6 12. O-O c5 13. Qg4+ Ke7 14. f5
Qxd4+ 15. Kh1 Qxe5 16. Bg5+ Ke8 17. Rad1 Bd6 18. Bf4 Qxf5 19. Qxf5 gxf5 20.
Bxd6 Nd7 21. Rxf5 Rg8 22. Rf4 Rg6 23. Rxe4+ Kd8 24. Bxc5 Kc7 25. Re7 Rd8 26.
Rxh7 Kc6 27. Bxa7 b6 28. Bxb6 Re6 29. Bxd8 {Normal} 1-0

[Event "Rated Blitz game"]
[Site "?"]
[Date "2021.06.27"]
[Round "?"]
[White "ahmetyasir"]
[Black "Joliedugilwesk"]
[Result "1-0"]
[ECO "C42"]
[WhiteElo "2506"]
[BlackElo "2531"]
[PlyCount "37"]
[EventDate "2021.??.??"]
[EventType "blitz"]
[TimeControl "180+2"]

1. e4 e5 2. Nf3 Nf6 3. Nxe5 d6 4. Nxf7 Kxf7 5. Bc4+ Be6 6. Bxe6+ Kxe6 7. O-O
Be7 8. f4 c5 9. d4 cxd4 10. e5 Nbd7 11. exf6 Nxf6 12. Qxd4 Re8 13. Nc3 Kf7 14.
Be3 Kg8 15. Rad1 Kh8 16. Rfe1 a6 17. Nd5 Nxd5 18. Qxd5 Rc8 19. Bd4 {Time
forfeit} 1-0

[Event "Rated Blitz game"]
[Site "?"]
[Date "2021.06.27"]
[Round "?"]
[White "PhilippeS"]
[Black "phiba"]
[Result "0-1"]
[ECO "C42"]
[WhiteElo "2347"]
[BlackElo "2415"]
[PlyCount "62"]
[EventDate "2021.??.??"]
[EventType "blitz"]
[TimeControl "180+2"]

1. e4 e5 2. Nf3 Nf6 3. Nxe5 d6 4. Nxf7 Kxf7 5. Nc3 c5 6. Bc4+ Be6 7. Bxe6+ Kxe6
8. d4 cxd4 9. Qxd4 Nc6 10. Qc4+ Kd7 11. Bf4 Qa5 12. O-O-O Rd8 13. Nb5 Kc8 14.
Qe6+ Kb8 15. Rxd6 Bxd6 16. Bxd6+ Rxd6 17. Qxd6+ Kc8 18. Qe6+ Nd7 19. Rd1 Qxb5
20. Qxd7+ Kb8 21. Qxg7 Rc8 22. Qg3+ Ka8 23. Qh3 Kb8 24. Qg3+ Ka8 25. a3 Na5 26.
Kb1 Qc6 27. Qd3 Nc4 28. f3 a6 29. g4 Qb5 30. b3 Nxa3+ 31. Kb2 Rxc2+ {Time
forfeit} 0-1

[Event "Rated Blitz game"]
[Site "?"]
[Date "2021.06.25"]
[Round "?"]
[White "KK042"]
[Black "Shaginyan_A"]
[Result "0-1"]
[ECO "C42"]
[WhiteElo "2464"]
[BlackElo "2490"]
[PlyCount "36"]
[EventDate "2021.??.??"]
[EventType "blitz"]
[TimeControl "180"]

1. e4 e5 2. Nf3 Nf6 3. Nxe5 d6 4. Nxf7 Kxf7 5. Nc3 c5 6. Bc4+ Be6 7. Qe2 Qd7 8.
O-O Nc6 9. f4 Nd4 10. Bxe6+ Qxe6 11. Qd3 b5 12. e5 dxe5 13. fxe5 Qxe5 14. Nxb5
Nxb5 15. Qxb5 Bd6 16. g3 Rhb8 17. Qc4+ Qe6 18. Qh4 Rb4 {Normal} 0-1

[Event "Rated Blitz game"]
[Site "?"]
[Date "2021.06.25"]
[Round "?"]
[White "Aleksandr805"]
[Black "Osvetnik67"]
[Result "0-1"]
[ECO "C42"]
[WhiteElo "2394"]
[BlackElo "2465"]
[PlyCount "60"]
[EventDate "2021.??.??"]
[EventType "blitz"]
[TimeControl "180"]

1. e4 e5 2. Nf3 Nf6 3. Nxe5 d6 4. Nxf7 Kxf7 5. d4 g6 6. Bc4+ d5 7. exd5 Bd6 8.
O-O Kg7 9. Bb3 b5 10. a4 b4 11. c4 Bxh2+ 12. Kxh2 Ng4+ 13. Kg3 h5 14. Bf4 h4+
15. Kf3 Rf8 16. g3 g5 17. Kg2 gxf4 18. gxf4 Bf5 19. Bc2 Bxc2 20. Qxc2 Rxf4 21.
Nd2 Qf6 22. Ne4 Qxd4 23. Rae1 Nd7 24. Ng5 Ne3+ 25. Rxe3 Rg4+ 26. Kh1 Rxg5 27.
Re7+ Kf8 28. Rxd7 Qg4 29. f4 Qh3+ 30. Qh2 Qxf1+ {Normal} 0-1

[Event "Rated Blitz game"]
[Site "?"]
[Date "2021.06.25"]
[Round "?"]
[White "Aleksandr805"]
[Black "Osvetnik67"]
[Result "1-0"]
[ECO "C42"]
[WhiteElo "2385"]
[BlackElo "2474"]
[PlyCount "93"]
[EventDate "2021.??.??"]
[EventType "blitz"]
[TimeControl "180"]

1. e4 e5 2. Nf3 Nf6 3. Nxe5 d6 4. Nxf7 Kxf7 5. d4 g6 6. Bc4+ d5 7. exd5 Bd6 8.
O-O a6 9. h3 b5 10. Bb3 Bb7 11. Bg5 h6 12. Bxf6 Qxf6 13. Nc3 Re8 14. a4 b4 15.
Ne2 Nd7 16. c4 bxc3 17. bxc3 Rab8 18. c4 Bxd5 19. cxd5 Rxb3 20. Qxb3 Rxe2 21.
Rae1 Qf4 22. g3 Qe4 23. Rxe2 Qxe2 24. Kg2 Nf6 25. Rc1 Kg7 26. Rc6 h5 27. Qf3
Qd2 28. Rxa6 Qxd4 29. Ra8 g5 30. a5 g4 31. hxg4 hxg4 32. Qf5 Qxd5+ 33. Qxd5
Nxd5 34. a6 Bc5 35. a7 Bxa7 36. Rxa7 Kf6 37. Ra4 Kf5 38. Rc4 Ke5 39. Rxg4 c5
40. Rc4 Kd6 41. g4 Nb6 42. Rc3 Kd5 43. g5 c4 44. g6 Nd7 45. g7 Nf6 46. Rf3 Ng8
47. Rf8 {Time forfeit} 1-0